[Event "2nd AICF Women-GM 2018"]
[Site "Hyderabad"]
[Date "2018.08.14"]
[Round "8"]
[White "Munguntuul, Batkhuyag"]
[Black "Pratyusha, Bodda"]
[Result "1/2-1/2"]
[ECO "C81"]
[WhiteElo "2428"]
[BlackElo "2294"]
[Annotator "NA"]
[PlyCount "106"]
[EventDate "2018.08.09"]
[EventType "tourn"]
[EventCountry "IND"]
[SourceTitle "playchess.com"]
[Source "ChessBase"]
[SourceQuality "1"]
[TimeControl "40/5400+30:1800+30"]

1. e4 e5 2. Nf3 Nc6 3. Bb5 a6 4. Ba4 Nf6 5. O-O Nxe4 6. d4 b5 7. Bb3 d5 8. dxe5 Be6 9. Qe2 Be7 10. Rd1 O-O {[%emt 0:00:24] [#]} 11. c4 $1 bxc4 {[%emt 0:00:19] [#]} 12. Bxc4 $1 Bc5 13. Be3 Bxe3 {[%emt 0:00:18] LiveBook: 148 Games} 14. Qxe3 Qb8 15. Bb3 Na5 16. Nbd2 Qa7 17. Qxa7 Rxa7 18. Rac1 Nxb3 (18... c5 $11 {keeps the balance.}) 19. Nxb3 a5 20. Nfd4 a4 21. Nc5 Nxc5 22. Rxc5 Rb7 23. Rd2 Rfb8 24. b3 axb3 25. axb3 Ra8 26. f4 g6 27. Kf2 Kf8 28. Rdc2 Raa7 29. Ke3 (29. R2c3 $16) 29... h5 30. g3 Kg8 31. R2c3 Kf8 32. h4 Kg8 33. f5 gxf5 34. Kf4 Rb4 35. Rd3 Kh7 {[%emt 0:03:40] [#]} 36. Kg5 $1 Rb6 37. Kxh5 (37. Rdc3 $16) 37... Bc8 {[%emt 0:01:32] [#]} (37... Bd7 $1 $11) 38. Kg5 ({And not} 38. Rxd5 Rh6+ 39. Kg5 Rg6+ 40. Kf4 Rg4+ 41. Ke3 Ra2 $15) ({White has to play} 38. Rc6 $1 $16) 38... Rg6+ 39. Kf4 Rg4+ 40. Kf3 Re4 $14 41. b4 Be6 42. b5 Rb7 43. Rc6 Rxe5 44. Re3 Re4 45. Nxe6 fxe6 46. Rxe6 Rxb5 47. Re7+ Rxe7 48. Rxe7+ Kg6 49. Rxc7 Rb3+ 50. Kf4 Rb4+ 51. Ke5 Re4+ 52. Kxd5 Re3 53. Rc8 Kg7 {[%emt 0:00:00] Ke4} 1/2-1/2

[Event "2nd AICF Women-GM 2018"]
[Site "Hyderabad"]
[Date "2018.08.14"]
[Round "8"]
[White "Hoang, Thi Bao Tram"]
[Black "Mahalakshmi, M."]
[Result "1/2-1/2"]
[ECO "A46"]
[WhiteElo "2364"]
[BlackElo "2177"]
[Annotator "NA"]
[PlyCount "144"]
[EventDate "2018.08.09"]
[EventType "tourn"]
[EventCountry "IND"]
[SourceTitle "playchess.com"]
[Source "ChessBase"]
[SourceQuality "1"]
[TimeControl "40/5400+30:1800+30"]

1. d4 Nf6 2. Nf3 e6 3. e3 b6 4. Bd3 Bb7 5. Nbd2 c5 6. O-O cxd4 7. exd4 Be7 8. Qe2 O-O 9. c3 d6 10. Re1 Nbd7 {[%emt 0:02:53] A47: 1 d4 Nf6 2 Nf3 b6: Torre, London and Colle Systems} 11. Nf1 Re8 {[%emt 0:02:26] LiveBook: 12 Partien} 12. Ng3 Qc7 13. Ng5 Bf8 14. Nh5 $146 {[%emt 0:12:46] Qc} ({Predecessor:} 14. Qc2 g6 15. Bd2 Rac8 16. h4 {0-1 (37) Rettore,L (2115)-Martinez,R (2441) Milan 2012}) 14... Qc6 15. Nxf6+ {[%emt 0:02:34] Nx} Nxf6 16. f3 Qc7 17. Ne4 Be7 18. Qc2 h6 19. Ng3 e5 20. Be3 Nd5 21. Bf2 {[%emt 0:00:14] Nf} Nf4 22. Bf1 a6 23. Rad1 {[%emt 0:03:47] Rad} Rad8 24. a4 Bh4 25. Qb3 Qc6 (25... Rb8 $14) 26. dxe5 dxe5 27. Qxb6 Bxg3 28. hxg3 Nh3+ {[%emt 0:00:35] [#]} 29. Kh2 $1 Nxf2 30. Qxf2 Rxd1 31. Rxd1 Qxa4 32. Re1 (32. Rd6 $16) 32... Qc6 33. Bd3 Qd6 34. Qe3 a5 35. Bc2 Qc6 36. Qd3 {[%emt 0:08:14] g} g6 37. Qe3 Kg7 38. Be4 Qb5 39. Bxb7 Qxb7 40. Qc5 Qxb2 41. Rxe5 Rd8 42. Re7 Qa2 43. c4 a4 44. Ra7 Qb3 45. f4 Qd1 46. Ra5 Re8 47. Qa3 Re1 48. Qc3+ Kh7 49. g4 Rh1+ 50. Kg3 Qg1 51. Qd2 Qh2+ 52. Kf3 Rf1+ 53. Ke4 Qg3 {[%emt 0:01:15] Ra} 54. Ra7 {[%emt 0:00:00] [#]} Re1+ $1 55. Kd4 Kg7 56. Kc5 Re8 57. Qd7 Qa3+ 58. Kc6 Rf8 59. f5 Qb2 60. fxg6 Qxg2+ 61. Qd5 Qxd5+ 62. cxd5 Kxg6 63. Rxa4 Kg5 64. d6 f5 65. gxf5 Kxf5 66. d7 h5 67. Rd4 Rd8 68. Kc7 Rh8 69. d8=Q Rxd8 70. Rxd8 $11 h4 71. Kd6 h3 72. Kd5 Kf4 1/2-1/2

[Event "2nd AICF Women-GM 2018"]
[Site "Hyderabad"]
[Date "2018.08.14"]
[Round "8"]
[White "Nakhbayeva, Guliskhan"]
[Black "Aakanksha Hagawane"]
[Result "1-0"]
[ECO "A50"]
[WhiteElo "2352"]
[BlackElo "2292"]
[Annotator "NA"]
[PlyCount "71"]
[EventDate "2018.08.09"]
[EventType "tourn"]
[EventCountry "IND"]
[SourceTitle "playchess.com"]
[Source "ChessBase"]
[SourceQuality "1"]
[TimeControl "40/5400+30:1800+30"]

1. d4 Nf6 2. c4 Nc6 3. Nc3 e5 4. d5 Ne7 5. h4 {[%emt 0:00:14] A50: Queen's Fianchetto Defence (1 d4 Nf6 2 c4 b6)} h5 6. Bg5 {[%emt 0:00:06] LiveBook: 11 Games} Ng6 7. e3 Be7 8. Bd3 d6 9. Qc2 (9. Nf3 Nf8 10. Nd2 Ng4 11. Bxe7 Qxe7 12. Qe2 f5 {1-0 (65) Ivanchuk,V (2771)-Bauer,C (2664) Cap d'Agde 2012}) 9... Nf8 $1 10. Nge2 c6 $146 ({Predecessor:} 10... N8d7 11. Ng3 Nc5 12. Bf5 Ng8 {½-½ (37) Bouget,A (2210)-Ibrahim,H (2309) Paris 2017}) 11. dxc6 bxc6 12. O-O-O Ne6 13. Be4 Bd7 14. Bxf6 gxf6 15. Ng3 Nc5 {[%emt 0:03:11] [#]} 16. Bf3 (16. Bf5 $1 $16) 16... Qb6 17. Nxh5 O-O-O 18. Ng3 Be6 19. Na4 Nxa4 20. Qxa4 Kc7 21. Rd2 (21. Qc2 $16) 21... f5 22. e4 $2 (22. h5 $14 {bleibt weiter vorne.}) 22... Bxh4 23. c5 Qxc5+ 24. Kb1 Bxg3 25. Rc1 Qb6 26. fxg3 fxe4 27. Qxe4 c5 28. g4 Rb8 29. a3 $17 f6 30. Qg6 Rbf8 31. Qg7+ Bf7 32. Ka1 Qb3 33. Bd5 Qe3 34. Bxf7 Qxd2 35. Bd5+ Kd8 36. Be6 1-0

[Event "2nd AICF Women-GM 2018"]
[Site "Hyderabad"]
[Date "2018.08.14"]
[Round "8"]
[White "Nandhidhaa, PV."]
[Black "Babiy, Olga"]
[Result "1-0"]
[ECO "A04"]
[WhiteElo "2266"]
[BlackElo "2291"]
[Annotator "NA"]
[PlyCount "83"]
[EventDate "2018.08.09"]
[EventType "tourn"]
[EventCountry "IND"]
[SourceTitle "playchess.com"]
[Source "ChessBase"]
[SourceQuality "1"]
[TimeControl "40/5400+30:1800+30"]

1. Nf3 e6 2. g3 b5 3. Bg2 Bb7 4. O-O Nf6 5. d3 d5 6. e4 dxe4 {[%emt 0:08:57] A05: Übergänge in verschiedene Eröffnungen} 7. Nfd2 Be7 (7... Nc6 8. Nxe4 Nxe4 9. Bxe4 Rb8 10. a4 b4 11. Be3 Nd4 12. Bxb7 Rxb7 13. Nd2 Be7 14. Bxd4 Qxd4 15. Qf3 Qd5 16. Kg2 {½-½ (16) Herraiz Hidalgo,H (2430)-Fluvia Poyatos,J (2493) Barcelona 2018}) 8. Nc3 a6 9. Ndxe4 Nxe4 10. Nxe4 Qc8 $146 ({Vorgänger:} 10... O-O 11. Nf6+ Bxf6 12. Bxb7 {½-½ (63) Parvanyan,A (2370)-Goldschmidt,C (2209) Neustadt an der Weinstrasse 2018}) 11. Qg4 Kf8 12. Qh5 Nd7 13. a4 b4 14. Bg5 f6 15. Bd2 f5 ({Better is} 15... a5) 16. Ng5 Bxg5 17. Bxb7 ({Don't take} 17. Bxg5 Bxg2 18. Kxg2 h6 $14) (17. Qxg5 $16 a5 18. Rfe1 Bxg2 19. Kxg2 (19. Rxe6 Bh3 $16)) 17... Qxb7 18. Bxg5 Ne5 19. f3 $1 Re8 20. Rae1 Nf7 21. Bd2 a5 22. Qh4 Qd5 23. Qf4 Qd6 (23... Re7 $14) 24. Qc4 h5 25. d4 g5 26. c3 b3 27. Qxb3 Kg7 28. c4 Qxd4+ {[%emt 0:00:20] [#]} 29. Qe3 (29. Rf2 $1 $16 e5 30. Bxa5) 29... Qxc4 30. Rc1 $14 Qxa4 31. Rxc7 Kg6 32. Rfc1 Rhf8 33. R1c6 Qd1+ 34. Kf2 h4 35. gxh4 Qh1 36. Rxe6+ Rxe6 37. Qxe6+ Kh5 38. Bf4 Qb1 39. Rxf7 Qxb2+ 40. Kf1 Qb1+ 41. Kg2 Qc2+ 42. Kh3 1-0

[Event "2nd AICF Women-GM 2018"]
[Site "Hyderabad"]
[Date "2018.08.14"]
[Round "8"]
[White "Monnisha G K"]
[Black "Prudnykova, Olga"]
[Result "1-0"]
[ECO "B40"]
[WhiteElo "2219"]
[BlackElo "2272"]
[Annotator "ChessBase"]
[PlyCount "57"]
[EventDate "2018.08.09"]
[EventType "tourn"]
[EventCountry "IND"]
[SourceTitle "playchess.com"]
[Source "ChessBase"]
[SourceQuality "1"]
[TimeControl "40/5400+30:1800+30"]

1. e4 c5 2. Nf3 e6 3. d4 cxd4 4. Nxd4 Nf6 5. Nc3 Qb6 6. Nb3 Bb4 7. Bd3 d5 8. exd5 Nxd5 9. O-O Nxc3 10. bxc3 Bxc3 11. Rb1 Qc7 12. Ba3 Nc6 13. Be4 Nb4 14. Nd4 Qe5 15. Rxb4 Bxb4 16. Nc6 Qc7 17. Nxb4 f5 18. Bf3 Qc3 19. Nc6 Kf7 20. Qd6 Re8 21. Qc7+ Kf6 22. Be7+ Rxe7 23. Qxe7+ Kg6 24. Qe8+ Kf6 25. Qf8+ Kg6 26. Ne7+ Kh6 27. Qf7 g6 28. Ng8+ Kg5 29. Qe7+ 1-0

[Event "2nd AICF Women-GM 2018"]
[Site "Hyderabad"]
[Date "2018.08.14"]
[Round "8"]
[White "Chitlange Sakshi"]
[Black "Vo, Thi Kim Phung"]
[Result "1/2-1/2"]
[ECO "D35"]
[WhiteElo "2144"]
[BlackElo "2377"]
[Annotator "NA"]
[PlyCount "134"]
[EventDate "2018.08.09"]
[EventType "tourn"]
[EventCountry "IND"]
[SourceTitle "playchess.com"]
[Source "ChessBase"]
[SourceQuality "1"]
[TimeControl "40/5400+30:1800+30"]

1. d4 d5 2. c4 e6 3. Nc3 Nf6 4. cxd5 exd5 5. Bg5 c6 6. e3 h6 {[%emt 0:00:32] LiveBook: 135 Games} 7. Bh4 Bf5 8. Qf3 {[%emt 0:05:03] D35: Queen's Gambit Declined: Exchange Variation} (8. Bd3 Bxd3 9. Qxd3 Be7 10. Nge2 O-O 11. f3 Re8 12. O-O Nbd7 13. Rad1 b5 14. Bf2 Bf8 15. Ng3 Rc8 {1-0 (60) Duda,J (2706)-Meier,G (2655) Heraklio 2017}) 8... Bh7 9. Bxf6 Qxf6 10. Qxf6 gxf6 11. Kd2 Nd7 12. Bd3 Bxd3 13. Kxd3 Rg8 14. g3 f5 15. Nf3 Be7 $146 ({Predecessor:} 15... Nf6) 16. Rhg1 Bf6 17. b4 Nb6 18. b5 Kd7 19. bxc6+ bxc6 20. Nd2 Be7 21. Rab1 Rab8 22. Rgc1 a5 23. Nb3 Ba3 24. Rg1 Bb4 25. a3 Bxc3 26. Nc5+ Kd6 27. Na6 Rb7 28. Nc5 Rbb8 29. Kxc3 Nc4 30. a4 Rge8 31. Rb7 Rxb7 32. Nxb7+ Ke7 {[%emt 0:00:58] [#]} (32... Kc7 $11 33. Nc5 Nd6) 33. Rb1 $1 Kf6 (33... f4 $16 {was necessary.}) 34. Nc5 Re7 35. Rb8 Rc7 36. Ra8 Kg5 37. Rg8+ Kf6 38. h4 Nd6 39. f3 Re7 40. Kd3 Nc4 (40... Rc7 $16 41. Ra8 Nc4) 41. e4 fxe4+ 42. fxe4 Nb2+ 43. Kc3 Nd1+ 44. Kd2 Nf2 45. e5+ Kf5 46. Ke3 Ng4+ 47. Kf3 Nh2+ 48. Ke2 Ng4 49. Rc8 Ra7 50. Rxc6 Ra8 51. Rb6 h5 52. Rb7 Nh6 53. Kf3 Rc8 54. Rb5 Ng4 55. Rxa5 Nh2+ 56. Kg2 Ng4 57. Rb5 Ne3+ 58. Kf2 Nc2 59. Nb7 Rc3 60. Rxd5 Ke4 61. Rc5 Rf3+ 62. Kg2 Ne3+ 63. Kh2 Rf2+ 64. Kg1 $11 (64. Kh3 {wird mattgesetzt.} Nf1 65. Nd6+ Kxd4 66. Rc4+ Kd5 67. Rd4+ Kxd4 68. Nf5+ Kxe5 69. Nh6 Rh2#) 64... Rf1+ 65. Kh2 Rf2+ 66. Kg1 Rf1+ 67. Kh2 Rf2+ 1/2-1/2

[Event "2nd AICF Women-GM 2018"]
[Site "Hyderabad"]
[Date "2018.08.14"]
[Round "9"]
[White "Vo, Thi Kim Phung"]
[Black "Nandhidhaa, PV."]
[Result "1-0"]
[ECO "A46"]
[WhiteElo "2377"]
[BlackElo "2266"]
[Annotator "NA"]
[PlyCount "146"]
[EventDate "2018.08.09"]
[EventType "tourn"]
[EventCountry "IND"]
[SourceTitle "playchess.com"]
[Source "ChessBase"]
[SourceQuality "1"]
[TimeControl "40/5400+30:1800+30"]

1. d4 Nf6 2. Nf3 d5 3. c4 e6 4. g3 Bb4+ 5. Bd2 Be7 6. Bg2 c6 7. O-O O-O 8. Qc2 b6 9. Bf4 Nbd7 10. Nbd2 Bb7 11. e4 {LiveBook: 45 Games} dxe4 12. Nxe4 Nxe4 13. Qxe4 Nf6 14. Qe2 c5 15. Rad1 cxd4 $1 16. Nxd4 Bxg2 17. Kxg2 Qc8 18. b3 Qb7+ 19. Qf3 Qxf3+ 20. Kxf3 Rac8 21. Nb5 a6 22. Na7 Ra8 23. Nc6 Bc5 24. Bd6 Bxd6 25. Rxd6 Rfe8 26. Nb4 ({White should play} 26. a4 $16) 26... a5 27. Nc6 e5 28. h3 h6 29. Re1 e4+ 30. Ke3 Rac8 31. Red1 Kf8 32. a4 Rc7 33. Nd4 Rb7 34. Nf5 h5 35. R1d4 Rbb8 36. Rc6 Re5 37. Kf4 Rc5 38. Rcd6 Ne8 39. Rd8 Rxd8 40. Rxd8 g6 41. Nd6 Ke7 42. Rxe8+ Kxd6 43. Kxe4 Rc7 44. Kf4 Kc5 45. Re5+ Kd4 46. Rd5+ Kc3 47. Rb5 Rc6 48. Ke4 Rf6 49. f4 Rd6 50. f5 gxf5+ 51. Kxf5 Rg6 52. Kf4 Kc2 53. c5 bxc5 54. Rxc5+ Kxb3 55. Rxa5 Kb4 56. Rf5 Kxa4 57. Rxf7 Rh6 58. Kg5 Rh8 59. Kh4 Kb5 60. Rf5+ Kc6 61. Rxh5 Rg8 62. Re5 $18 Kd6 63. Re2 Rh8+ 64. Kg4 Rg8+ 65. Kf3 Rf8+ 66. Kg2 Rg8 67. h4 Ra8 68. Kh3 Rb8 69. h5 Rb5 70. Kh4 Rb1 71. g4 Rb4 72. h6 Rb7 73. Kh5 Kd5 1-0

[Event "2nd AICF Women-GM 2018"]
[Site "Hyderabad"]
[Date "2018.08.14"]
[Round "9"]
[White "Pratyusha, Bodda"]
[Black "Chitlange Sakshi"]
[Result "1-0"]
[ECO "B15"]
[WhiteElo "2294"]
[BlackElo "2144"]
[Annotator "ChessBase"]
[PlyCount "71"]
[EventDate "2018.08.09"]
[EventType "tourn"]
[EventCountry "IND"]
[SourceTitle "playchess.com"]
[Source "ChessBase"]
[SourceQuality "1"]
[TimeControl "40/5400+30:1800+30"]

1. e4 c6 2. d4 d5 3. Nc3 dxe4 4. Nxe4 Nf6 5. Nxf6+ exf6 6. c3 Bd6 7. Bd3 Be6 8. Ne2 Qc7 9. Qc2 h6 10. Bd2 Nd7 11. c4 b6 12. h3 O-O 13. O-O Rfe8 14. b4 c5 15. bxc5 bxc5 16. d5 Bf5 17. Bxf5 Rxe2 18. Ba5 Qxa5 19. Qxe2 Nb6 20. Bd3 Be5 21. Rab1 Na4 22. Qe4 g6 23. Rb5 Qd8 24. Qh4 Kg7 25. Rb7 Bc7 26. Qe4 f5 27. Qe3 Qd6 28. g3 Nb6 29. Re1 Nc8 30. f4 Rb8 31. Rxb8 Bxb8 32. Qe5+ f6 33. Qe8 Qc7 34. Re6 Qb7 35. Qd8 Qb2 36. Qd7+ 1-0

[Event "2nd AICF Women-GM 2018"]
[Site "Hyderabad"]
[Date "2018.08.14"]
[Round "9"]
[White "Aakanksha Hagawane"]
[Black "Munguntuul, Batkhuyag"]
[Result "0-1"]
[ECO "B40"]
[WhiteElo "2292"]
[BlackElo "2428"]
[Annotator "NA"]
[PlyCount "84"]
[EventDate "2018.08.09"]
[EventType "tourn"]
[EventCountry "IND"]
[SourceTitle "playchess.com"]
[Source "ChessBase"]
[SourceQuality "1"]
[TimeControl "40/5400+30:1800+30"]

1. e4 c5 2. Nf3 e6 3. c4 Nc6 4. Nc3 Nd4 5. d3 Ne7 6. Nxd4 cxd4 7. Ne2 {[%emt 0:00:21] N} Nc6 {[%emt 0:00:14] LiveBook: 20 Games} 8. g3 a6 9. Bg2 b5 10. cxb5 {[%emt 0:01:37] axb} axb5 11. O-O Bc5 12. f4 O-O 13. g4 e5 14. Ng3 exf4 15. Bxf4 d6 16. e5 dxe5 17. Bd2 e4 18. Rc1 ({Stronger than} 18. Nxe4 Be7 $11) ({Don't do} 18. Bxe4 Qb6) 18... Ne5 19. Rxc5 Bxg4 20. Qc2 Nxd3 (20... Nf3+ $142 21. Bxf3 exf3) 21. Rg5 ({Don't take} 21. Bxe4 $6 Nxc5 22. Bxa8 (22. Qxc5 Rxa2 23. Bg5 Qc8 $11) 22... Qxa8 $16) 21... Rc8 {[%emt 0:01:32] [#]} 22. Qb3 $2 (22. Qb1 $1 $18 f5 {[#]} 23. Bxe4 $1 (23. Nxf5 Bxf5 24. Rgxf5 Rxf5 $16) 23... fxe4 24. Rxg4) 22... Be6 23. Qd1 (23. Qxb5 $11 Rb8 24. Qa5) 23... e3 24. Qh5 $1 Nf4 $15 25. Rxf4 exd2 26. Bf3 Rc1+ 27. Kg2 d1=Q 28. Bxd1 Rxd1 29. Ne4 f6 30. Rg3 Rb1 31. Rh4 Rxb2+ 32. Kf3 Rf7 33. Qxh7+ Kf8 34. Qh8+ Ke7 35. Rxg7 Qxh8 36. Rxf7+ Bxf7 37. Rxh8 Bxa2 38. Rh7+ Ke6 39. Nc5+ Kd5 40. Nd3 Rb3 41. Rd7+ Ke6 42. Rxd4 Bb1 {[%emt 0:00:03] 0} 0-1

[Event "2nd AICF Women-GM 2018"]
[Site "Hyderabad"]
[Date "2018.08.14"]
[Round "9"]
[White "Babiy, Olga"]
[Black "Monnisha G K"]
[Result "1-0"]
[ECO "C47"]
[WhiteElo "2291"]
[BlackElo "2219"]
[Annotator "NA"]
[PlyCount "103"]
[EventDate "2018.08.09"]
[EventType "tourn"]
[EventCountry "IND"]
[SourceTitle "playchess.com"]
[Source "ChessBase"]
[SourceQuality "1"]
[TimeControl "40/5400+30:1800+30"]

1. e4 e5 2. Nf3 Nc6 3. Nc3 Nf6 4. a3 d5 5. Bb5 {[%emt 0:00:00] C47: Scotch Four Knights and Four Knights with 4 g3} Nxe4 6. Qe2 Nxc3 {[%emt 0:18:29] LiveBook: 17 Games} (6... Qd6 7. Nxe4 dxe4 8. Qxe4 Bd7 9. d3 O-O-O 10. O-O Re8 11. Qe2 Qg6 12. Be3 Bd6 {0-1 (55) Caruana,F (2816)-Kramnik,V (2792) Paris 2018}) 7. Qxe5+ Qe7 8. dxc3 Bd7 9. Qxe7+ Bxe7 10. Bf4 O-O-O 11. O-O-O a6 12. Be2 $146 ({Predecessor:} 12. Ba4 Bg4 {1-0 (39) Vidic,T (2159)-Motycakova,M (2143) Heraklio 2017}) 12... Bf5 13. Rhe1 Bc5 14. Nd4 Bxd4 15. cxd4 Rhe8 16. b3 Re7 17. Be3 Be4 18. Bf1 ({Much weaker is} 18. Bg5 f6 $15) 18... Re6 19. Kb2 Ne7 20. f3 Bg6 21. g4 Re8 22. Bf2 Nc6 23. Rxe6 fxe6 24. Bg3 Rf8 25. Bg2 Kd7 26. c4 dxc4 27. bxc4 Na5 28. Kc3 c6 $2 (28... b6 $16) 29. c5 $18 b5 30. cxb6 Nb7 31. a4 a5 32. Re1 Nd6 33. Re2 Rc8 34. Rb2 Nb7 35. Be5 Bf7 36. Bxg7 Rg8 37. Be5 Bg6 38. f4 h5 39. h3 Rc8 40. Kc4 Rg8 41. Bf3 hxg4 42. hxg4 Rf8 43. Kc3 Rc8 44. Rh2 Rf8 45. Rh6 Rg8 46. f5 exf5 47. gxf5 Bxf5 48. Bxc6+ Kc8 49. d5 Be4 50. Kd4 Bf5 51. Rf6 Bh3 52. Rf7 1-0

[Event "2nd AICF Women-GM 2018"]
[Site "Hyderabad"]
[Date "2018.08.14"]
[Round "9"]
[White "Prudnykova, Olga"]
[Black "Hoang, Thi Bao Tram"]
[Result "1/2-1/2"]
[ECO "B13"]
[WhiteElo "2272"]
[BlackElo "2364"]
[Annotator "NA"]
[PlyCount "80"]
[EventDate "2018.08.09"]
[EventType "tourn"]
[EventCountry "IND"]
[SourceTitle "playchess.com"]
[Source "ChessBase"]
[SourceQuality "1"]
[TimeControl "40/5400+30:1800+30"]

1. e4 c6 2. d4 d5 3. exd5 Qxd5 4. Nc3 Qd6 5. Bc4 Nf6 {[%emt 0:00:43] B01: Scandinavian Defence} 6. Nge2 (6. h3 Bf5 7. g4 Be6 8. Bb3 Bd5 9. Nxd5 cxd5 10. Nf3 Nc6 11. Qe2 e6 12. c3 Nd7 13. Be3 {0-1 (45) Edouard,R (2680)-Bauer,C (2658) Nimes 2014}) 6... Bg4 {[%emt 0:02:04] LiveBook: 16 Games} (6... e6 $11 {keeps the balance.}) 7. f3 Bh5 8. Bf4 Qd8 9. Qd2 e6 10. g4 Bg6 11. h4 h5 $146 ({Predecessor:} 11... h6 12. h5 Bh7 13. O-O-O {½-½ (50) Kasperek,K (1509)-Gudelajtis,A (1499) Suwalki 2011}) 12. g5 Nd5 13. Nxd5 cxd5 14. Bd3 Bxd3 15. Qxd3 g6 16. Be5 Rg8 17. f4 Nc6 18. c3 Bd6 19. O-O Ne7 20. Ng3 Qd7 21. Rf2 Bxe5 22. fxe5 Nf5 23. Nxf5 exf5 24. c4 dxc4 25. Qxc4 Rc8 26. Qb4 Qd5 27. Rd1 Rc4 28. Qb3 Kd7 29. e6+ fxe6 30. Re2 Rxd4 31. Rxd4 Qxd4+ 32. Kf1 Qd5 33. Qb4 a5 34. Qf4 {[%emt 0:00:41] [#]} Qh1+ $14 ({Besser ist} 34... Qc5 $1 $19 35. Qf3 Rb8 36. Rd2+ Ke7) 35. Kf2 Rc8 36. Rd2+ Ke8 37. Qd4 Qh2+ 38. Kf3 Qh1+ 39. Kf2 Qh2+ 40. Kf3 Qh1+ {[%emt 0:00:11] Ke4} 1/2-1/2

[Event "2nd AICF Women-GM 2018"]
[Site "Hyderabad"]
[Date "2018.08.14"]
[Round "9"]
[White "Mahalakshmi, M."]
[Black "Nakhbayeva, Guliskhan"]
[Result "0-1"]
[ECO "D02"]
[WhiteElo "2177"]
[BlackElo "2352"]
[Annotator "NA"]
[PlyCount "72"]
[EventDate "2018.08.09"]
[EventType "tourn"]
[EventCountry "IND"]
[SourceTitle "playchess.com"]
[Source "ChessBase"]
[SourceQuality "1"]
[TimeControl "40/5400+30:1800+30"]

1. d4 Nf6 2. Nf3 d5 3. Bf4 c5 4. e3 Nc6 5. Nbd2 {[%emt 0:00:42] D02: Damenbauernspiele} (5. c3 e6 6. Nbd2 cxd4 7. exd4 Nh5 8. Bg5 f6 9. Be3 Bd6 10. Bb5 O-O 11. O-O Ne7 12. Re1 Bd7 13. Bd3 g6 14. Bh6 Rf7 {½-½ (83) Caruana,F (2822)-Aronian,L (2767) chess.com INT 2018}) 5... Qb6 {[%emt 0:00:16] LiveBook: 67 Games} 6. dxc5 Qxb2 7. Be2 g6 8. O-O Bg7 9. c4 Nh5 $146 ({Vorgänger:} 9... O-O 10. Qc1 Nh5 11. Qxb2 Bxb2 12. Bh6 Bxa1 13. Bxf8 Kxf8 14. Rxa1 {0-1 (39) Skoberne,J (2563)-Bok,B (2622) Batumi 2018}) 10. Rb1 Qxa2 11. Bc7 O-O 12. Qc1 Bf5 13. Rxb7 Qa6 14. Rb3 Rac8 (14... dxc4 $15 15. Bxc4 (15. Qxc4 Qc8 $17) (15. Nxc4 Rac8 $11) 15... Qc8) 15. Re1 d4 16. Ra3 Qb7 17. Bg3 Nxg3 18. hxg3 dxe3 19. Rxe3 Bh6 20. Ra3 Rfd8 21. Qc3 Qb4 22. Nf1 Qxc5 23. Ra4 {[%emt 0:05:59] [#]} a5 $1 24. Rd1 Rxd1 25. Bxd1 Rd8 26. Be2 Bg7 27. Qe3 Nd4 28. Kh2 h6 29. Nxd4 Bxd4 ({Not} 29... Qxd4 30. Rxa5 Be6 31. Ra2 $17) ({Much less strong is} 29... Rxd4 30. Qa3 $17) 30. Qd2 $19 Ra8 31. Ne3 Bd7 32. Ra2 Bc6 33. Nd5 Bxd5 34. cxd5 Bxf2 35. Qxh6 Be3 36. Qh4 Kg7 0-1

[Event "2nd AICF Women-GM 2018"]
[Site "Hyderabad"]
[Date "2018.08.15"]
[Round "10"]
[White "Nandhidhaa, PV."]
[Black "Pratyusha, Bodda"]
[Result "1/2-1/2"]
[ECO "A06"]
[WhiteElo "2266"]
[BlackElo "2294"]
[Annotator "NA"]
[PlyCount "63"]
[EventDate "2018.08.09"]
[EventType "tourn"]
[EventCountry "IND"]
[SourceTitle "playchess.com"]
[Source "ChessBase"]
[SourceQuality "1"]
[TimeControl "40/5400+30:1800+30"]

1. Nf3 d5 2. g3 Bg4 3. Bg2 c6 4. O-O Nd7 5. d4 Ngf6 6. b3 e6 7. Bb2 Bd6 8. Nbd2 O-O 9. h3 Bxf3 10. Bxf3 Re8 11. e4 dxe4 12. Nxe4 Nxe4 13. Bxe4 Nf6 14. Bg2 e5 15. dxe5 Bxe5 16. Bxe5 Rxe5 17. Qxd8+ Rxd8 18. Rad1 Rxd1 19. Rxd1 Re2 20. Rd8+ Re8 21. Rxe8+ Nxe8 22. f4 Kf8 23. Kf2 Ke7 24. Ke3 Kd6 25. Kd4 Nc7 26. Be4 h6 27. c4 Ne6+ 28. Kc3 Nc5 29. Kd4 Ne6+ 30. Kc3 Nc5 31. Kd4 Ne6+ 32. Kc3 {Ke5} 1/2-1/2

[Event "2nd AICF Women-GM 2018"]
[Site "Hyderabad"]
[Date "2018.08.16"]
[Round "11"]
[White "Pratyusha, Bodda"]
[Black "Monnisha G K"]
[Result "1-0"]
[ECO "A50"]
[WhiteElo "2294"]
[BlackElo "2219"]
[Annotator "ChessBase"]
[PlyCount "55"]
[EventDate "2018.08.09"]
[EventType "tourn"]
[EventCountry "IND"]
[SourceTitle "playchess.com"]
[Source "ChessBase"]
[SourceQuality "1"]
[TimeControl "40/5400+30:1800+30"]

1. d4 Nf6 2. c4 Nc6 3. Nc3 e5 4. d5 Ne7 5. e4 Ng6 6. Be3 Bb4 7. Bd3 Nh4 8. Kf1 Bxc3 9. bxc3 d6 10. h3 h6 11. c5 O-O 12. g3 Ng6 13. Ne2 b6 14. c6 Nh7 15. Qc2 Ng5 16. Kg2 f5 17. exf5 e4 18. Bxe4 Nxe4 19. fxg6 Qe8 20. Nf4 Ng5 21. g4 Qe5 22. Rae1 Ba6 23. Bc1 Qf6 24. h4 Bc4 25. hxg5 hxg5 26. Rh3 gxf4 27. Reh1 Bxd5+ 28. f3 1-0

[Event "2nd AICF Women-GM 2018"]
[Site "Hyderabad"]
[Date "2018.08.16"]
[Round "11"]
[White "Aakanksha Hagawane"]
[Black "Nandhidhaa, PV."]
[Result "1-0"]
[ECO "B40"]
[WhiteElo "2292"]
[BlackElo "2266"]
[Annotator "ChessBase"]
[PlyCount "119"]
[EventDate "2018.08.09"]
[EventType "tourn"]
[EventCountry "IND"]
[SourceTitle "playchess.com"]
[Source "ChessBase"]
[SourceQuality "1"]
[TimeControl "40/5400+30:1800+30"]

1. e4 c5 2. Nf3 e6 3. c4 Nc6 4. Nc3 Nf6 5. Be2 d5 6. exd5 exd5 7. d4 cxd4 8. Nxd4 dxc4 9. Nxc6 Qxd1+ 10. Nxd1 bxc6 11. Bxc4 Bb4+ 12. Bd2 Bxd2+ 13. Kxd2 O-O 14. Ne3 Nd5 15. Rhd1 Nxe3 16. Kxe3 Re8+ 17. Kf3 Bf5 18. Rac1 h5 19. Kg3 Rad8 20. Bb3 Rxd1 21. Rxd1 Kf8 22. Rd6 Rc8 23. Kf4 Ke7 24. Rd4 g6 25. h3 c5 26. Ra4 Rc7 27. g4 hxg4 28. hxg4 Bd3 29. Bc4 Bxc4 30. Rxc4 Kd6 31. Kg5 Kd5 32. b3 Rc6 33. Rf4 Rc7 34. Kf6 Rb7 35. g5 Rb6+ 36. Kxf7 Ra6 37. Rf6 Rxa2 38. Kxg6 Rb2 39. Rf3 Ke4 40. Rh3 Rxf2 41. Kh7 Rf7+ 42. Kh6 Rf8 43. Rc3 Rh8+ 44. Kg7 Rb8 45. Rxc5 Rxb3 46. g6 Kd4 47. Ra5 Rb7+ 48. Kh6 Kc4 49. Ra1 Rb2 50. Rxa7 Rh2+ 51. Kg7 Kd5 52. Re7 Kd6 53. Re1 Rg2 54. Kf7 Rf2+ 55. Kg8 Ra2 56. g7 Rg2 57. Rh1 Ke7 58. Kh7 Kf7 59. Rf1+ Ke7 60. g8=Q 1-0